Map: Abyssal Reef LE

Players

AviloBunkBed

  • Race: Protoss Protoss
  • League: Grandmaster
  • Spawn Location: 5:00

Railgan - Winner!

  • Race: Zerg Zerg
  • League: Grandmaster
  • Spawn Location: 11:00

VOD

Have the link to the VOD?

Description

Time

  • Played on: Feb. 22, 2017, 6:38 p.m.
  • Length: 10:16
Show
View Real Time Build Order
Export as new Build Order

AviloBunkBed Protoss 

Build Orders: 1 Gate Expand 

Get SALT Encoding   

  12  0:01  Probe (Chrono Boost)  
  13  0:11  Probe (Chrono Boost)  
  14  0:21  Pylon  
  14  0:22  Probe (Chrono Boost)  
  15  0:39  Gateway  
  15  0:40  Probe (Chrono Boost)  
  16  0:44  Assimilator  
  16  0:50  Probe (Chrono Boost)  
  17  1:01  Probe (Chrono Boost)  
  18  1:11  Probe (Chrono Boost)  
  19  1:20  Nexus  
  19  1:23  Probe (Chrono Boost)  
  20  1:32  Cybernetics Core  
  20  1:36  Probe (Chrono Boost)  
  21  1:42  Assimilator  
  21  1:47  Probe (Chrono Boost)  
  21  1:56  Pylon  
  21  1:57  Zealot  
  25  2:17  Mothership Core (Chrono Boost)  
  24  2:23  Adept  
  24  2:29  Warp Gate  
  25  2:38  Probe (Chrono Boost)  
  25  2:50  Probe (Chrono Boost)  
  26  3:02  Probe (Chrono Boost)  
  28  3:14  Probe (Chrono Boost)  
  28  3:15  Stargate, Adept  
  30  3:26  Probe (Chrono Boost)  
  31  3:41  Nexus  
  31  4:01  Oracle  
  29  4:03  Pylon  
  31  4:14  Twilight Council  
  31  4:21  Pylon  
  31  4:23  Probe (Chrono Boost)  
  30  4:32  Oracle  
  30  4:35  Probe (Chrono Boost)  
  35  4:47  Probe (Chrono Boost)  
  35  4:54  Resonating Glaives  
  35  4:57  Probe (Chrono Boost)  
  35  4:59  Probe (Chrono Boost)  
  32  5:08  Probe (Chrono Boost)  
  32  5:11  Probe (Chrono Boost)  
  34  5:19  Gateway, Probe (Chrono Boost)  
  35  5:22  Probe (Chrono Boost)  
  35  5:23  Gateway  
  36  5:29  Probe (Chrono Boost)  
  36  5:32  Adept, Probe (Chrono Boost)  
  40  5:39  Oracle  
  40  5:40  Probe (Chrono Boost)  
  44  5:43  Probe (Chrono Boost)  
  45  5:50  Probe (Chrono Boost)  
  45  5:51  Pylon  
  45  5:54  Probe (Chrono Boost)  
  47  6:01  Probe (Chrono Boost)  
  48  6:04  Probe (Chrono Boost)  
  50  6:11  Probe (Chrono Boost)  
  50  6:15  Probe (Chrono Boost)  
  51  6:22  Probe (Chrono Boost)  
  51  6:23  Robotics Facility  
  53  6:25  Probe (Chrono Boost)  
  53  6:27  Adept  
  53  6:28  Gateway, Adept  
  53  6:31  Adept  
  53  6:32  Probe (Chrono Boost)  
  60  6:36  Probe (Chrono Boost)  
  61  6:43  Probe (Chrono Boost)  
  61  6:45  Assimilator  
  62  6:48  Adept x2, Assimilator  
  62  6:52  Stalker  
  68  7:07  Probe (Chrono Boost)  
  68  7:08  Probe (Chrono Boost)  
  70  7:14  Pylon  
  70  7:17  Pylon  
  70  7:25  Pylon  
  70  7:31  Warp Prism  
  70  7:32  Probe (Chrono Boost)  
  71  7:38  Probe (Chrono Boost)  
  72  7:46  Probe (Chrono Boost)  
  72  7:49  Probe (Chrono Boost)  
  70  7:52  Nexus  
  70  7:55  Pylon  
  70  7:57  Pylon, Robotics Bay  
  66  7:59  Adept x4  
  66  8:02  Robotics Facility  
  74  8:07  Probe x2 (Chrono Boost)  
  74  8:08  Observer  
  77  8:18  Probe x2 (Chrono Boost)  
  79  8:20  Forge  
  79  8:28  Probe x2 (Chrono Boost)  
  79  8:32  Immortal  
  85  8:39  Probe x2 (Chrono Boost)  
  79  8:50  Probe x2 (Chrono Boost)  
  79  8:53  Colossus  
  85  9:00  Adept, Probe (Chrono Boost)  
  85  9:02  Probe (Chrono Boost)  
  89  9:07  Adept x2  
  89  9:09  Adept  
  95  9:11  Colossus, Probe (Chrono Boost)  
  95  9:14  Probe (Chrono Boost)  
  93  9:34  Assimilator  
  93  9:38  Assimilator  
  93  9:42  Pylon  
  93  9:46  Pylon  
  93  9:50  Pylon  
  96  9:54  Adept x4  
Show
View Real Time Build Order
Export as new Build Order

Railgan Zerg - Winner!

Build Orders: Pool First 

Get SALT Encoding   

  12  0:01  Drone  
  13  0:22  Spawning Pool  
  13  0:26  Drone  
  13  0:32  Drone  
  14  0:40  Extractor, Drone  
  15  0:47  Overlord  
  15  1:09  Zergling x6  
  18  1:20  Hatchery  
  18  1:21  Zergling x2  
  18  1:31  Zergling x2  
  19  1:37  Queen  
  21  1:42  Drone  
  22  1:52  Overlord  
  22  2:08  Extractor  
  21  2:09  Drone  
  22  2:16  Hatchery  
  21  2:23  Drone  
  22  2:31  Drone  
  22  2:36  Queen  
  24  2:43  Drone  
  25  2:51  Drone  
  24  2:57  Drone x3  
  27  3:05  Drone  
  27  3:09  Overlord  
  26  3:20  Metabolic Boost  
  26  3:25  Zergling x6  
  29  3:33  Queen  
  31  3:37  Drone  
  31  3:40  Drone  
  32  3:58  Drone x5  
  32  3:59  Drone x2  
  39  4:03  Overlord  
  39  4:10  Drone x2  
  40  4:19  Spore Crawler x2  
  38  4:30  Drone  
  38  4:31  Drone x2  
  39  4:35  Spore Crawler  
  39  4:37  Drone x5  
  43  4:43  Drone x3  
  43  4:45  Drone  
  47  4:52  Drone x3  
  50  4:55  Drone x2  
  50  4:58  Drone  
  53  5:06  Overlord  
  51  5:09  Lair  
  51  5:12  Extractor, Drone x2  
  52  5:14  Drone x2  
  52  5:19  Drone x2  
  56  5:22  Zergling x4  
  56  5:25  Extractor  
  56  5:30  Drone x3, Overlord  
  56  5:35  Evolution Chamber  
  58  5:36  Drone  
  58  5:37  Drone x2  
  58  5:38  Extractor  
  60  5:49  Roach Warren, Drone  
  61  5:50  Drone x2  
  61  5:52  Drone x2  
  61  5:53  Drone  
  61  5:54  Zergling x6  
  61  5:55  Zergling x2  
  69  5:59  Queen  
  69  6:01  Zerg Missile Weapons Level 1  
  69  6:03  Zergling x4  
  68  6:05  Zergling x2  
  63  6:20  Drone x4  
  63  6:23  Drone x2  
  63  6:25  Drone x2  
  71  6:28  Hydralisk Den, Overlord  
  70  6:37  Drone x2  
  71  6:40  Glial Reconstitution  
  71  6:44  Roach  
  71  6:45  Extractor, Overlord x7  
  72  6:48  Overlord  
  72  6:51  Overlord  
  72  6:55  Overlord  
  72  7:00  Roach  
  72  7:01  Hydralisk, Muscular Augments  
  74  7:02  Hydralisk  
  74  7:05  Hydralisk  
  74  7:07  Hydralisk  
  81  7:09  Hydralisk  
  81  7:12  Hydralisk  
  85  7:18  Hydralisk  
  74  7:48  Hydralisk x8  
  81  7:51  Hydralisk  
  81  7:55  Hydralisk  
  81  7:56  Drone x4  
  81  7:57  Drone x3  
  92  8:00  Drone x2  
  92  8:04  Drone x2  
  96  8:07  Extractor  
  96  8:11  Hatchery  
  94  8:15  Drone  
  94  8:19  Overlord  
  95  8:21  Drone  
  95  8:22  Drone x2  
  95  8:24  Drone x2  
  95  8:26  Roach x5  
  110  8:28  Overlord  
  106  8:47  Drone  
  106  8:48  Drone  
  103  8:52  Drone x2  
  103  8:53  Drone  
  105  8:55  Drone  
  105  8:58  Roach x7  
  120  9:04  Ravager x4  
  120  9:05  Ravager  
  120  9:06  Zergling x6  
  120  9:07  Zergling x6  
  131  9:12  Spine Crawler  
  131  9:14  Spine Crawler  
  129  9:17  Spine Crawler  
  123  9:24  Zergling x2  
  123  9:25  Zergling x20  
  123  9:31  Baneling Nest  
  131  9:33  Queen  
  131  9:36  Hydralisk  
  131  9:38  Drone x3  
  136  9:41  Drone  
Tags
 
Add a new tag
Caveats
  • Supply blocks, unpowered buildings, or Contaminate may cause inaccurate times.
  • Supply counts are checked every 10 seconds.